 Dungeon Crawl Stone Soup version 0.29.1-15-g9cfb28693d (webtiles) character file.

Game seed: 12878679400676913603

513 Smoke131 the Firebug (level 7, 57/57 HPs)
             Began as a White Draconian Fire Elementalist on Feb 23, 2023.
             Quit the game on level 5 of the Dungeon.
             The game lasted 00:11:55 (5114 turns).

Smoke131 the Firebug (DrFE)                         Turns: 5114, Time: 00:11:56

Health: 57/57      AC:  6    Str: 10    XL:     7   Next: 0%
Magic:  12/12      EV: 12    Int: 19    God:
Gold:   217        SH:  0    Dex: 12    Spells: 7/13 levels left

rFire   . . .      SeeInvis .   n - +5 dagger of Zoibbit {vorpal, rElec Will+ rCorr Int+2}
rCold   + . .      Faith    .   (no shield)
rNeg    . . .      Spirit   .   (body armour unavailable)
rPois   .          Reflect  .   (helmet restricted)
rElec   +          Harm     .   (no cloak)
rCorr   +          Rampage  .   (no gloves)
Will    +....                   (no boots)
Stlth   ++........              (no amulet)
HPRegen 0.19/turn               (no ring)
MPRegen 0.13/turn               (no ring)

@: no status effects
A: breathe frost, AC +6, unfitting armour, cold resistance 1, cold-blooded
a: Breathe Frost


You were on level 5 of the Dungeon.
You visited 1 branch of the dungeon, and saw 5 of its levels.
You also visited: Sewer.

You collected 217 gold pieces.

Inventory:

Hand Weapons
 l - a +0 spear
 n - the +5 dagger of Zoibbit (weapon) {vorpal, rElec Will+ rCorr Int+2}
   (You took it off a kobold on level 2 of the Dungeon)

   It inflicts extra damage upon your enemies.
   Int:       It affects your intelligence (+2).
   rElec:     It insulates you from electricity.
   rCorr:     It protects you from acid and corrosion.
   Will:      It increases your willpower.
Armour
 g - a +1 pair of boots
Wands
 p - a wand of roots (9)
 w - a wand of light (19)
Scrolls
 c - a scroll of magic mapping
 d - a scroll of enchant armour
 e - 2 scrolls of vulnerability
 h - a scroll of identify
 q - 2 scrolls of silence
 r - a scroll of fear
Potions
 a - a potion of magic
 b - 3 potions of cancellation
 f - 3 potions of curing
 i - 2 potions of heal wounds {unknown}
 j - 2 potions of ambrosia {unknown}
 k - a potion of invisibility {unknown}
 m - a potion of attraction {unknown}
 o - a potion of lignification {unknown}
 s - a potion of mutation {unknown}
 v - a potion of berserk rage {unknown}


   Skills:
 + Level 3.4 Fighting
 + Level 3.3 Dodging
 - Level 1.7 Stealth
 + Level 3.5 Spellcasting
 + Level 3.2 Conjurations
 + Level 3.5 Fire Magic


You had 7 spell levels left.
You knew the following spells:

 Your Spells              Type           Power      Damage    Failure   Level
a - Foxfire               Conj/Fire      64%        2x1d7     3%          1
b - Scorch                Fire           34%        2d6       4%          2
c - Conjure Flame         Conj/Fire      16%        6-21      11%         3

Your spell library contained the following spells:

 Spells                   Type           Power      Damage    Failure   Level
 Static Discharge         Conj/Air       9%         3-5/arc   11%         2
 Inner Flame              Hex/Fire       10%        N/A       21%         3
 Flame Wave               Conj/Fire      16%        2d7       34%         4
 Sticky Flame             Conj/Fire      16%        2d4       34%         4
 Dispel Undead            Necr           3%         3d7       82%         4
 Leda's Liquefaction      Hex/Erth       1%         N/A       82%         4
 Lee's Rapid Deconstruct  Erth           1%         3d5*      99%         5
 Statue Form              Tmut/Erth      2%         N/A       100%        6


Dungeon Overview and Level Annotations

Branches:
Dungeon (5/15)              Sewer (visited)
 Temple: D:4-7

Altars:
Dithmenos

Shops:
D:3 (

Annotations:
D:4 3 runed translucent doors, Ast3rio's ghost, amateur HOFi


Innate Abilities, Weirdness & Mutations

You can breathe waves of freezing cold which knock back foes.
Your icy white scales are hard. (AC +6)
You cannot fit into any form of body armour.
Your flesh is cold resistant. (rC+)
You are cold-blooded and may be slowed by cold attacks.


Message History

You feel sick. The adder bites you.
You closely miss the adder.
The adder is heavily wounded.
You feel sick. The adder barely misses you.
You barely miss the adder.
The adder is heavily wounded.
You feel sick. The adder barely misses you. The adder bites you.
You are more poisoned.
The adder poisons you!
You completely miss the adder. You tail-slap the adder.
The adder is severely wounded.
You feel very sick. The adder bites you but does no damage.
You closely miss the adder.
The adder is severely wounded.
You feel sick. The adder bites you but does no damage.
You barely miss the adder. You tail-slap the adder.
The adder is almost dead.
You feel sick. The adder bites you but does no damage.
You hit the adder.
You kill the adder!
You feel sick.
You have reached level 7!
Your scales start taking on an icy white colour.
You learn Fire Magic much slower.
Your Fire Magic skill decreases to level 3!
You learn Ice Magic much quicker.
You can breathe waves of freezing cold which knock back foes.
You feel resistant to cold.
You feel sick.
You feel sick.
You feel sick.
You now have 195 gold pieces (gained 8).
You feel sick.
You are no longer poisoned.
You now have 201 gold pieces (gained 6).
You now have 217 gold pieces (gained 16).
You start resting.
HP restored.
Are you sure you want to abandon this character and quit the game? (Confirm with "yes".)

...... ...... ##..
......########...#
................
...........#.#
##..........##### #
#.........# #... ..
#.@.....###.#####..
#................#
###...######.....#
.......# #.....#
.......#######.....##
...##................
.#. ##.######......[.
# #.# #...........
......##........


There were no monsters in sight!

Vanquished Creatures
  Edmund (D:4)
  A scorpion (D:4)
  2 hounds
  An orc priest (D:3)
  An iguana (D:5)
  11 adders
  A river rat (Sewer)
  An ufetubus (D:4)
  4 worms
  5 orcs
  14 ball pythons
  9 endoplasms
  3 giant cockroaches
  6 goblins
  7 hobgoblins
  2 jackals (D:3)
  10 quokkas
  5 bats
  8 frilled lizards
  6 kobolds
  11 rats
109 creatures vanquished.

Vanquished Creatures (others)
  79 foxfires
79 creatures vanquished.

Grand Total: 188 creatures vanquished

Notes
Turn   | Place    | Note
-------+----------+-------------------------------------------
     0 | D:1      | Smoke131 the Draconian Fire Elementalist began the quest
                  | for the Orb.
     0 | D:1      | Reached XP level 1. HP: 14/14 MP: 3/3
   411 | D:1      | Found a faded altar of an unknown god.
   478 | D:1      | Reached XP level 2. HP: 18/22 MP: 0/5
   610 | D:1      | Learned a level 2 spell: Scorch
   905 | D:1      | Reached skill level 1 in Fighting
  1166 | D:1      | Reached XP level 3. HP: 28/28 MP: 6/6
  1412 | D:2      | Identified the +5 dagger of Zoibbit {vorpal, rElec Will+
                  | rCorr Int+2}
  2023 | D:2      | Learned a level 3 spell: Conjure Flame
  2066 | D:3      | Found Zamywil's Weapon Shop.
  2214 | D:3      | Reached XP level 4. HP: 27/35 MP: 1/7
  2233 | D:3      | Found a glowing drain.
  2237 | Sewer    | Entered a sewer
  2863 | D:3      | Reached XP level 5. HP: 41/41 MP: 4/9
  3751 | D:4      | Noticed Edmund
  3787 | D:4      | Killed Edmund
  3788 | D:4      | Reached XP level 6. HP: 15/50 MP: 0/10
  4024 | D:4      | Noticed Ast3rio's ghost (amateur HOFi)
  4026 | D:4      | Found a runed translucent gate.
  4030 | D:4      | Found a runed translucent gate.
  4030 | D:4      | Found a runed translucent gate.
  4776 | D:5      | Entered Level 5 of the Dungeon
  4781 | D:5      | Found a shadowy altar of Dithmenos.
  4981 | D:5      | Your scales start taking on an icy white colour.
  4981 | D:5      | Reached XP level 7. HP: 35/57 MP: 12/12
  4981 | D:5      | Gained mutation: Your flesh is cold resistant. (rC+) [White
                  | Draconian growth]
  5114 | D:5      | Quit the game

Illustrated notes

Levels and vault maps discovered:
D:1:      co_arrival_square_in_a_square_in_a_square, layout_basic,
          hellmonk_ecumenical_altar_blasted, kennysheep_crisscross, minivault_27
D:2:      layout_rooms, feat_on_display
D:3:      layout_rooms, serial_shops, nicolae_shop_waterfront,
          gup_sewer_entry_bowl, nicolae_concentric_dashed_squares_mild,
          grunt_ministairs_13
D:4:      layout_loops_ring, gammafunk_ghost_split, nicolae_titane, uniq_edmund
D:5:      layout_rooms, mainiacjoe_overflow_concentric_impassable

Skill      XL: |  1  2  3  4  5  6 |
---------------+-------------------+-----
Dodging        | 2 3 |  3.3
Fighting       | 1 2 3 |  3.4
Conjurations   | 2 3 |  3.2
Spellcasting   | 3 |  3.5
Fire Magic     | 4 3 |  3.5
Stealth        | |  1.7

Action                   |  1- 3 |  4- 6 |  7- 9 || total
-------------------------+-------+-------+-------++-------
Melee: Dagger            |   127 |   126 |       ||   253
       Tailslap          |    21 |    17 |       ||    38
       Punch             |     1 |     1 |       ||     2
       Spear             |     7 |       |       ||     7
 Cast: Foxfire           |    19 |    29 |       ||    48
       Scorch            |     5 |    25 |       ||    30
Evoke: Wand              |       |     3 |       ||     3
  Use: Scroll            |       |    13 |       ||    13
 Stab: Sleeping          |     6 |     3 |       ||     9
       Invisible         |       |     1 |       ||     1
Armor: Skin              |    47 |    49 |       ||    96
Dodge: Dodged            |   100 |   101 |       ||   201
